 Dungeon Crawl Stone Soup version 0.30-a0-358-g0d69a1922f (webtiles) character file.

Game seed: 7562829255641990528

748 jakemcteezy the Ruffian (level 7, 0/67 HPs)
             Began as a Troll Fighter on Nov 10, 2022.
             Was an Initiate of Wu Jian.
             Slain by a killer bee (7 damage)
             ... on level 6 of the Dungeon.
             The game lasted 00:30:07 (3101 turns).

jakemcteezy the Ruffian (Troll Fighter)             Turns: 3101, Time: 00:30:08

Health: 0/67       AC:  4    Str: 27    XL:     7   Next: 48%
Magic:  6/6        EV:  9    Int:  4    God:    Wu Jian [......]
Gold:   158        SH:  9    Dex:  9    Spells: 6/6 levels left

rFire   + . .      SeeInvis .      - Unarmed
rCold   . . .      Faith    .    b - +1 kite shield
rNeg    . . .      Spirit   .    a - +0 robe
rPois   .          Reflect  .    (helmet restricted)
rElec   .          Harm     .    (no cloak)
rCorr   .          Rampage  .    (gloves unavailable)
Will    .....                    (boots unavailable)
Stlth   +.........               (no amulet)
HPRegen 1.11/turn                m - ring of protection from fire
MPRegen 0.10/turn                (no ring)

@: lethally poisoned (0 -> -15)
A: large, unfitting armour, claws 3, regeneration 1, shaggy fur 1, tough skin 1
a: Renounce Religion


You were on level 6 of the Dungeon.
You worshipped Wu Jian.
Wu Jian was noncommittal.
You visited 1 branch of the dungeon, and saw 6 of its levels.

You collected 158 gold pieces.

Inventory:

Hand Weapons
 f - a +0 spear
 g - a +0 dagger
 q - a +1 spear of freezing
Armour
 a - a +0 robe (worn)
 b - a +1 kite shield (worn)
Jewellery
 m - a ring of protection from fire (left claw)
Wands
 i - a wand of polymorph (9)
 o - a wand of paralysis (4)
Scrolls
 e - a scroll of teleportation
 k - 2 scrolls of blinking
 p - a scroll of butterflies
Potions
 d - a potion of berserk rage {unknown}
 h - a potion of cancellation
 j - a potion of mutation {unknown}
 l - a potion of curing
 r - a potion of haste
 s - a potion of attraction {unknown}


   Skills:
 + Level 3.1 Fighting
 + Level 3.7 Dodging
 + Level 0.4 Stealth
 + Level 4.5 Shields
 + Level 6.0 Unarmed Combat


You had 6 spell levels left.
You didn't know any spells.
Your spell library contained the following spells:

 Spells                   Type           Power      Damage    Failure   Level
 Necrotise                Necr           0%         1d4       78%         1
 Vampiric Draining        Necr           0%         2d6       98%         3
 Agony                    Necr           0%         N/A       100%        5


Dungeon Overview and Level Annotations

Branches:
Dungeon (6/15)             Temple (0/1) D:5

Altars:
Gozag
Hepliaklqana
Makhleb
Nemelex Xobeh
Okawaru
Ru
Trog
Wu Jian
Xom

Shops:
D:1 :   D:3 =


Innate Abilities, Weirdness & Mutations

You are too large for most types of armour.
You have claws for hands.
Your natural rate of healing is unusually fast.
You are covered in fur. (AC +1)
You have tough skin. (AC +1)


Message History

The killer bee barely misses you. The killer bee closely misses you.
The killer bee stings you. You block the killer bee's attack.
As you read the scroll labelled BONAORR NIEV, it crumbles to dust.
It is a scroll of enchant weapon.
Your +0 spear of freezing glows red for a moment.
You block the killer bee's attack. x2; The killer bee barely misses you.
The killer bee closely misses you.
The orc priest begins to cast a cantrip, but forgets the words!
As you read the scroll labelled ZAITUBRUNKOU, it crumbles to dust.
It is a scroll of amnesia.
You feel forgetful for a moment. The killer bee stings you.
The killer bee stings you!
You are poisoned.
The killer bee poisons you! You block the killer bee's attack.
The killer bee stings you. The killer bee barely misses you.
You block the killer bee's attack.
The killer bee stings you but does no damage.
The orc priest mumbles some strange prayers to Beogh against you.
Beogh smites you! The killer bee stings you!
You barely miss the killer bee.
You feel very sick. The killer bee stings you.
The killer bee closely misses you.
The killer bee stings you but does no damage.
The killer bee closely misses you. The killer bee stings you.
* * * LOW HITPOINT WARNING * * *
You are more poisoned.
The killer bee poisons you! The killer bee barely misses you. x2
You block the killer bee's attack.
You scratch the killer bee.
The killer bee is moderately wounded.
You feel very sick.
The killer bee stings you but does no damage.
The killer bee closely misses you. The killer bee stings you.
* * * LOW HITPOINT WARNING * * *
You are lethally poisoned!
The killer bee poisons you! You block the killer bee's attack.
The killer bee stings you.
* * * LOW HITPOINT WARNING * * *
The killer bee stings you!
You die...

######...##..#8_....._8#
... #...#...#.8.8.8.8.#
... #.......###########
....
###.....###.......##....
#####.........#.......
##.........##.......
#.....##........###.
#......#........#
##y@y.##...##.#.#
##yy.##......#.#
#yy.....##......
#........#.#......#..
..<#..o..###.....##...
#. #...... ........ ..#
. ..............#..
.........####..# .
.......#... .##


You could see 6 killer bees and an orc priest.

Vanquished Creatures
  A sky beast (D:4)
  Blork the orc (D:4)
  A necrophage (D:5)
  A scorpion (D:5)
  2 hounds
  An orc priest (D:5)
  Ijyb (D:5)
  2 orc wizards (D:5)
  5 iguanas
  7 gnolls
  An adder (D:4)
  A white imp (D:5)
  3 ufetubi
  A worm (D:5)
  3 dart slugs
  3 orcs
  8 ball pythons
  4 endoplasms
  2 giant cockroaches (D:1)
  5 goblins
  6 hobgoblins
  3 jackals (D:1)
  3 quokkas
  2 bats
  3 frilled lizards
  6 kobolds
  4 rats
80 creatures vanquished.

Notes
Turn   | Place    | Note
-------+----------+-------------------------------------------
     0 | D:1      | jakemcteezy the Troll Fighter began the quest for the Orb.
     0 | D:1      | Reached XP level 1. HP: 22/22 MP: 0/0
    93 | D:1      | Found Hiutysul's Book Shop.
   164 | D:1      | Reached XP level 2. HP: 29/29 MP: 1/1
   769 | D:3      | Found Duilap's Jewellery Emporium.
   785 | D:3      | Found a bloodstained altar of Trog.
   798 | D:3      | Reached XP level 3. HP: 36/36 MP: 2/2
  1245 | D:3      | Found a burning altar of Makhleb.
  1246 | D:3      | Noticed a green death
  1251 | D:3      | Noticed an orange demon
  1251 | D:3      | Noticed a smoke demon
  1382 | D:4      | Reached XP level 4. HP: 44/44 MP: 3/3
  1388 | D:4      | Reached skill level 3 in Unarmed Combat
  1564 | D:4      | Noticed a sky beast
  1598 | D:4      | Killed a sky beast
  1599 | D:4      | Reached skill level 4 in Unarmed Combat
  1599 | D:4      | Reached XP level 5. HP: 30/52 MP: 4/4
  1664 | D:4      | Noticed Blork the orc
  1670 | D:4      | Killed Blork the orc
  1671 | D:4      | Reached XP level 6. HP: 58/59 MP: 5/5
  1942 | D:4      | Found an ornate altar of the Wu Jian Council.
  1972 | D:4      | Became a worshipper of the Wu Jian Council
  2157 | D:5      | Entered Level 5 of the Dungeon
  2226 | D:5      | Found a staircase to the Ecumenical Temple.
  2254 | D:5      | Reached skill level 5 in Unarmed Combat
  2422 | D:5      | Noticed Eustachio
  2428 | D:5      | Eustachio changed into Eustachio the scorpion
  2428 | D:5      | Noticed Eustachio
  2433 | D:5      | Killed Eustachio the scorpion
  2434 | D:5      | Reached XP level 7. HP: 60/67 MP: 6/6
  2491 | D:5      | Noticed Ijyb
  2511 | D:5      | Killed Ijyb
  2618 | D:5      | Found an opulent altar of Gozag.
  2618 | D:5      | Found a sparkling altar of Nemelex Xobeh.
  2712 | D:5      | Found an iron altar of Okawaru.
  2858 | D:5      | Reached skill level 6 in Unarmed Combat
  2967 | D:6      | Found a glowing silver altar of Zin.
  2969 | D:6      | Found a shimmering altar of Xom.
  2969 | D:6      | Found a sacrificial altar of Ru.
  2971 | D:6      | Found a glowing golden altar of the Shining One.
  2971 | D:6      | Found a bloodstained altar of Trog.
  2971 | D:6      | Found a hazy altar of Hepliaklqana.
  3014 | D:6      | Found a sacrificial altar of Ru.
  3101 | D:6      | Slain by a killer bee

Illustrated notes

Levels and vault maps discovered:
D:1:      lightli_arrival_lavapool, layout_loops_ring, serial_shops,
          nicolae_shop_window_shopping, shop_statue
D:2:      layout_basic
D:3:      layout_rooms, makhleb_altar_promises_db, bloody_trog, serial_shops,
          nicolae_shop_waterfront
D:4:      layout_rooms, nicolae_wu_jian_immortal_techniques,
          gammafunk_temple_overflow_pools, minmay_between, uniq_blork_the_orc
D:5:      layout_basic, grunt_temple_overflow_opulence, amcnicky_altar_gilded,
          minmay_temple_entry_junction, uniq_eustachio, uniq_crazy_yiuf_cottage,
          uniq_ijyb
D:6:      layout_cave_pools, doesnt_xom_only_xom, kennysheep_little_box,
          mainiacjoe_overflow_surrounded_room, lemuel_doored_altar, uniq_edmund

Skill      XL: |  1  2  3  4  5  6  7 |
---------------+----------------------+-----
Shields        | 3 4 |  4.5
Dodging        | 3 |  3.7
Unarmed Combat | 4 5 6 |  6.0
Fighting       | 3 |  3.1
Stealth        | |  0.4

Action                   |  1- 3 |  4- 6 |  7- 9 || total
-------------------------+-------+-------+-------++-------
Melee: Unarmed           |   108 |    83 |    59 ||   250
Invok: Lunge             |       |     1 |     1 ||     2
Evoke: Wand              |       |     1 |       ||     1
  Use: Scroll            |     6 |     5 |     2 ||    13
       Potion            |       |     2 |     1 ||     3
Armor: Robe              |    40 |    47 |    14 ||   101
Dodge: Dodged            |    38 |    49 |    33 ||   120
Block: Kite shield       |    41 |    46 |    39 ||   126

Table legend: (Time is in decaauts)
 A = Elapsed time spent in this place.
 B = Non-inter-level travel time spent in this place.
 C = Inter-level travel time spent in this place.
 D = Time resting spent in this place.
 E = Time spent auto-exploring this place.
 F = Levels seen in this place.
 G = Mean time per level.
                   A        B        C        D        E       F      G
               +--------+--------+--------+--------+--------+-----+--------+
         Total |   3114 |   3038 |     76 |     19 |     59 |   6 |  519.0 |
       Dungeon |   3114 |   3038 |     76 |     19 |     59 |   6 |  519.0 |
               +--------+--------+--------+--------+--------+-----+--------+

Top non-repeatable levels by time:
     D:4: 820 daAuts
     D:5: 762 daAuts
     D:1: 662 daAuts
     D:3: 585 daAuts
     D:6: 182 daAuts
     D:2: 101 daAuts
